 Dungeon Crawl Stone Soup version 0.18-a0-816-g97f838e (webtiles) character file.

52 M4edhros the Charlatan (level 3, 0/23 HPs)
             Began as an Octopode Artificer on Dec 15, 2015.
             Slain by an iguana (15 damage)
             ... on level 4 of the Dungeon.
             The game lasted 00:01:33 (1141 turns).

M4edhros the Charlatan (Octopode Artificer)         Turns: 1141, Time: 00:01:34

Health: 0/23       AC:  1    Str: 10    XL:     3   Next: 85%
Magic:  6/6        EV: 12    Int: 15    God:
Gold:   58         SH:  0    Dex: 12    Spells: 0 memorised, 2 levels left

rFire  . . .     SeeInvis .     a - +0 short sword
rCold  . . .     Clarity  .     (no shield)
rNeg   . . .     SustAt   .     (helmet restricted)
rPois  .         Gourm    +     o - amulet of the gourmand
rElec  .         Spirit   .     (no ring)
rCorr  .         Dismiss  .     (no ring)
rMut   .         Stasis   .     (no ring)
MR     .....                    (no ring)
Stlth  ++++......               (no ring)
                                (no ring)
                                (no ring)
                                (no ring)

@: not resistant to hostile enchantments, stealthy
A: almost no armour, amphibious, 8 rings, constrict 8, camouflage 1, gelatinous
body 1
a: no special abilities


You were on level 4 of the Dungeon.
You were hungry.

You visited 1 branch of the dungeon, and saw 4 of its levels.

You collected 58 gold pieces.

Inventory:

Hand Weapons
 a - a +0 short sword (weapon)
 j - a +0 rapier
Missiles
 k - 130 stones (quivered)
 n - 35 sling bullets
Jewellery
 o - an amulet of the gourmand (around mantle)
 r - an uncursed ring of magical power {unknown}
Wands
 b - a wand of flame (15)
 c - a wand of enslavement (15)
 d - a wand of random effects (14)
Scrolls
 h - 2 scrolls of immolation {unknown}
 i - a scroll of teleportation {unknown}
 m - a scroll of enchant armour {unknown}
 p - a scroll of fear {unknown}
Potions
 e - a potion of invisibility {unknown}
 g - 3 potions of heal wounds {unknown}
 q - a potion of berserk rage {unknown}
Comestibles
 f - 2 bread rations
 l - a slice of pizza


   Skills:
 - Level 1.0 Fighting
 - Level 1.0 Short Blades
 - Level 2.0 Dodging
 + Level 3.8 Stealth
 + Level 4.2 Evocations


You had 2 spell levels left.
You didn't know any spells.

Dungeon Overview and Level Annotations

Branches:
Dungeon (4/15)
 Temple: D:4-7

Altars:

Shops:
D:4 *


Innate Abilities, Weirdness & Mutations

You cannot wear most types of armour.
You are amphibious.
You can wear up to eight rings at the same time.
You can use your tentacles to constrict eight enemies at once.
Your skin changes colour to match your surroundings (Stealth).
Your rubbery body absorbs attacks (AC +1).


Message History

No target in view!
No target in view!
Evoke which item? (* to show all) (? for menu, Esc to quit)
Zapping:
d - a wand of random effects (15)
Press: ? - help, Shift-Dir - straight line, f - iguana
Aim: an iguana (hasn't noticed you)
You hear a mighty clap of thunder!
The bolt of lightning hits the iguana.
The iguana is moderately wounded.
The iguana hisses angrily.
This wand has 14 charges left.
You completely miss the iguana. You grab the iguana.
Your squeeze misses the iguana.
The iguana is moderately wounded.
You constrict the iguana. The iguana bites you!
You barely miss the iguana.
The iguana is moderately wounded.
You constrict the iguana. The iguana bites you!
Ouch! That really hurt!
You die...

#...##.######## #.##........# #
....#..##########...........# #
....#..##........# #........# #
....#..##........###........#####
........'........+..........†....
....#..##........###........#####
....#..##......[.####'###########
.....[..+.......l+....[..........
.......##.......@####.###########
..#######..<..........# #...'
....... +.............# #.###
####### .......?###.## #.###
.......[# #.# #.... ######### #.#
#.... #.# #.... #.# #.... #.#
#....


You could see an iguana.

Vanquished Creatures
  A hound skeleton (D:4)
  2 adders (D:2)
  A giant gecko (D:3)
  3 orcs (D:4)
  2 giant cockroaches
  3 goblins
  2 jackals (D:4)
  A kobold (D:1)
  A giant newt (D:3)
  2 rats
18 creatures vanquished.

Notes
Turn   | Place    | Note
--------------------------------------------------------------
     0 | D:1      | M4edhros the Octopode Artificer began the quest for the Orb.
     0 | D:1      | Reached XP level 1. HP: 13/13 MP: 3/3
     6 | D:1      | Noticed a komodo dragon
     6 | D:1      | Noticed a worker ant
     7 | D:1      | Noticed a yaktaur captain
   276 | D:2      | Reached XP level 2. HP: 11/18 MP: 4/4
   402 | D:2      | Reached XP level 3. HP: 17/23 MP: 5/5
   535 | D:3      | Reached skill level 4 in Evocations
   756 | D:4      | Found Xiwugigg's General Store.
  1141 | D:4      | Slain by an iguana

Vault maps used:
D:1:      onia_arrival_zoo_common
D:2:      old_standard_altar
D:3:      old_standard_altar
D:4:      serial_shops, shop

Action                   || total
-------------------------++-------
Melee: Short sword       ||    39
Evoke: Wand              ||     1
 Stab: Sleeping          ||     6
